 Dungeon Crawl Stone Soup version 0.23.2-33-g5129a83184 (webtiles) character file.

Game seed: 18346722070327396652

192 Derp the Shield-Bearer (level 5, -1/32 HPs)
             Began as a Gargoyle Fighter on July 13, 2019.
             Was an Initiate of Gozag.
             Slain by a hippogriff (4 damage)
             ... on level 4 of the Dungeon.
             The game lasted 00:06:27 (2539 turns).

Derp the Shield-Bearer (Gargoyle Fighter)           Turns: 2539, Time: 00:06:30

Health: -1/32      AC: 11    Str: 28    XL:     5   Next: 71%
Magic:  5/5        EV:  8    Int:  8    God:    Gozag
Gold:   249        SH: 10    Dex:  9    Spells: 4/4 levels left

rFire    . . .     SeeInvis .   a - +0 flail
rCold    . . .     Gourm    .   c - +0 shield
rNeg     + . .     Faith    .   b - +0 scale mail
rPois    ∞         Spirit   .   (no helmet)
rElec    +         Reflect  .   (no cloak)
rCorr    .         Harm     .   (no gloves)
MR       .....                  (no boots)
Stlth    ..........             (no amulet)
HPRegen  0.10/turn              m - +2 ring of strength
MPRegen  0.09/turn              (no ring)

@: mighty
A: negative energy resistance 1, electricity resistance, unbreathing,
petrification resistance, rot immunity, AC +4
a: Potion Petition, Call Merchant, Bribe Branch, Renounce Religion


You were on level 4 of the Dungeon.
You worshipped Gozag.
Gozag was aware of your devotion.
You were not hungry.

You visited 1 branch of the dungeon, and saw 4 of its levels.

You collected 278 gold pieces.
You paid 29 gold pieces to Gozag.

Inventory:

Hand Weapons
 a - a +0 flail (weapon)
Armour
 b - a +0 scale mail (worn)
 c - a +0 shield (worn)
 o - a +0 robe of magic resistance
Jewellery
 m - a +2 ring of strength (left hand)
Scrolls
 g - a scroll of enchant weapon
 l - a scroll of noise {unknown}
 p - 4 scrolls of identify
 q - a scroll of amnesia
Potions
 e - a potion of flight {unknown}
 f - a potion of curing
 h - 2 potions of lignification {unknown}
 j - a potion of ambrosia {unknown}
 k - a potion of agility {unknown}
 n - a potion of heal wounds {unknown}
Comestibles
 i - 2 rations


   Skills:
 + Level 3.6 Fighting
 + Level 3.3 Maces & Flails
 + Level 4.1 Armour
 + Level 0.8 Dodging
 + Level 0.8 Stealth
 + Level 4.9 Shields


You had 4 spell levels left.
You didn't know any spells.
Your spell library contained the following spells:

 Spells                   Type           Power        Failure   Level  Hunger
 Animate Skeleton         Necr           N/A          98%         1    ##.....
 Apportation              Tloc           #.....       98%         1    ##.....
 Confusing Touch          Hex            #.....       98%         1    ##.....
 Summon Small Mammal      Summ           #...         98%         1    ##.....


Dungeon Overview and Level Annotations

Branches:
Dungeon (4/15)
 Temple: D:4-7

Altars:
Gozag
Okawaru


Innate Abilities, Weirdness & Mutations

You are resistant to torment.
Your stone body is resilient. (AC +4)
You are immune to poison.
You resist negative energy. (rN+)
You are resistant to electric shocks. (rElec)
You can survive without breathing.
You are immune to petrification.
You are immune to rotting.


Message History

The ball python constricts you. The ball python loses its grip on you.
You barely miss the hippogriff. The hippogriff bites you.
The hippogriff pecks you. The hippogriff claws you.
* * * LOW HITPOINT WARNING * * *
You sock the hippogriff!
The hippogriff is moderately wounded.
You block the hippogriff's attack. The hippogriff barely misses you.
The hippogriff closely misses you.
You feel better. The hippogriff bites you.
The hippogriff pecks you but does no damage.
The hippogriff claws you but does no damage.
You feel very mighty all of a sudden. The hippogriff bites you!
You block the hippogriff's attack. x2
You thump the hippogriff!
The hippogriff is heavily wounded.
The hippogriff bites you!
* * * LOW HITPOINT WARNING * * *
The hippogriff pecks you.
You die...
Your body crumbles into a pile of gold.

#..# .## #..# ...
####..# #..#
..##..# #..!
#.##..# +...
#.##..######
#..>###<##........
#+##...^...##@#
...........##H#
o..........##S#
o.##...###.##.#
#... #.##)# #...
#.##$# ####
#.##$####### $ $
#......H....
#..#####.###


You could see a hippogriff and a ball python.

Vanquished Creatures
  Jessica (D:2)
  An orc wizard (D:4)
  A worker ant (D:4)
  2 adders
  4 gnolls (D:2)
  An ooze (D:3)
  An adder skeleton (D:2)
  2 worms
  2 leopard geckos (D:3)
  4 orcs (D:4)
  4 giant cockroaches
  4 hobgoblins
  2 jackals (D:3)
  A quokka (D:3)
  A ball python (D:1)
  6 bats
  2 frilled lizards (D:2)
  A goblin (D:1)
  7 kobolds
  5 rats
52 creatures vanquished.

Notes
Turn   | Place    | Note
-------+----------+-------------------------------------------
     0 | D:1      | Derp the Gargoyle Fighter began the quest for the Orb.
     0 | D:1      | Reached XP level 1. HP: 14/14 MP: 1/1
   254 | D:1      | Reached XP level 2. HP: 18/19 MP: 2/2
   993 | D:2      | Found an opulent altar of Gozag.
  1332 | D:2      | Reached XP level 3. HP: 9/23 MP: 3/3
  1448 | D:2      | Noticed Jessica
  1451 | D:2      | Killed Jessica
  1451 | D:2      | Reached XP level 4. HP: 22/28 MP: 4/4
  1650 | D:2      | Became a worshipper of Gozag Ym Sagoz the Greedy
  1835 | D:3      | Found an iron altar of Okawaru.
  1864 | D:3      | Reached XP level 5. HP: 25/32 MP: 5/5
  2525 | D:4      | Noticed a hippogriff
  2539 | D:4      | Slain by a hippogriff

Skill      XL: |  1  2  3  4 |
---------------+-------------+-----
Shields        | 4 |  4.9
Maces & Flails | 3 |  3.3
Armour         | 4 |  4.1
Fighting       | |  3.6
Dodging        | |  0.8
Stealth        | |  0.8

Action                   |  1- 3 |  4- 6 || total
-------------------------+-------+-------++-------
Melee: Flail             |   114 |   126 ||   240
  Use: Scroll            |       |     6 ||     6
       Potion            |       |     2 ||     2
  Eat: Ration            |     1 |     1 ||     2
Armor: Scale mail        |    65 |    98 ||   163
Dodge: Dodged            |    37 |    55 ||    92
Block: Shield            |    73 |    86 ||   159
